 Dungeon Crawl Stone Soup version 0.30.0-5-g1a98f26d00 (webtiles) character file.

Game seed: 6804176932303514332

112164 croobank the Covert (level 16, 0/183 HPs)
             Began as a Demonspawn Fire Elementalist on May 8, 2023.
             Was an Initiate of Gozag.
             Succumbed to a wolf spider's poison
             ... on level 1 of the Spider Nest.
             The game lasted 02:34:33 (42306 turns).

croobank the Covert (Demonspawn Fire Elementalist) Turns: 42306, Time: 02:34:34

Health: 0/183      AC: 12    Str:  8 (10) XL:     16   Next: 11%
Magic:  1/29       EV: 16    Int: 28      God:    Gozag
Gold:   3945       SH:  4    Dex: 19      Spells: 11/34 levels left

rFire   + . .        N - +8 scimitar (flame)
rCold   + + .        l - +0 buckler {AC+3}
rNeg    . . .        c - +3 leather armour
rPois   +            (no helmet)
rElec   +            L - scarf "Eckar" {rC+ rF+, rPois}
rCorr   +            (no gloves)
SInv    +            (no boots)
Will    +....        q - amulet of the Air {Inacc Air Fly rElec RMsl} Stlth
                     W - ring "Puep" {rC+ rCorr Int+6 Dex+4}
HPRegen 0.50/turn    G - ring of see invisible
MPRegen 0.21/turn

%: repel missiles
@: mighty, berserking, lethally poisoned (0 -> -36), flying, studying 2 skills,
very quick
A: yellow scales 2, demonic guardian 3, foul stench 2, demonic touch 1
a: Renounce Religion, Potion Petition, Call Merchant, Bribe Branch


You were on level 1 of the Spider Nest.
You worshipped Gozag.
Gozag was most pleased with you.
You visited 6 branches of the dungeon, and saw 24 of its levels.
You also visited: Sewer and Gauntlet.

You collected 8423 gold pieces.
You spent 3834 gold pieces at shops.
You paid 644 gold pieces to Gozag.

Inventory:

Hand Weapons
 a - a +1 short sword
 s - the +1 dagger of Myaxt {antimagic, rF+ Int+4}
   (You bought it in a shop on level 3 of the Dungeon)

   Int:       It affects your intelligence (+4).
   rF:        It protects you from fire.
 N - a +8 scimitar of flaming (weapon)
Missiles
 e - 24 javelins (quivered)
 K - 24 boomerangs
Armour
 c - a +3 leather armour (worn)
 l - a +0 buckler of protection (worn)
 L - the scarf "Eckar" (worn) {rC+ rF+, rPois}
   (You found it on level 6 of the Dungeon)

   rPois:     It protects you from poison.
 Z - a +2 robe of willpower
Jewellery
 f - a +4 ring of protection
 q - the amulet of the Air (around neck) {Inacc Air Fly rElec RMsl}
   (You found it on level 14 of the Dungeon)

   [amulet of nothing]

   Inacc:     It reduces the accuracy of your attacks and spells.
   Air:       It enhances your air magic.
   rElec:     It insulates you from electricity.
   Fly:       It grants you flight.
   RMsl:      It protects you from missiles.
 z - a +6 ring of intelligence
 A - a +5 ring of evasion
 E - a +6 ring of dexterity
 G - a ring of see invisible (right hand)
 H - a ring of positive energy
 Q - a ring of protection from fire
 S - the ring "Forget-Me-Not" {rElec EV+5 Int+3}
   (You found it on level 8 of the Dungeon)

   [ring of evasion]

   EV:        It affects your evasion (+5).
   Int:       It affects your intelligence (+3).
   rElec:     It insulates you from electricity.
 W - the ring "Puep" (left hand) {rC+ rCorr Int+6 Dex+4}
   (You found it on level 9 of the Dungeon)

   [ring of intelligence]

   Int:       It affects your intelligence (+6).
   Dex:       It affects your dexterity (+4).
   rC:        It protects you from cold.
   rCorr:     It protects you from acid and corrosion.
Wands
 d - a wand of digging (8)
 x - a wand of flame (35)
 y - a wand of charming (36)
 B - a wand of light (9)
 F - a wand of iceblast (11)
 J - a wand of mindburst (16)
Scrolls
 g - a scroll of acquirement
 h - 6 scrolls of teleportation
 i - 16 scrolls of identify
 j - 2 scrolls of fear
 k - a scroll of magic mapping
 m - 4 scrolls of enchant armour
 o - 6 scrolls of poison
 r - 4 scrolls of immolation
 P - 2 scrolls of fog
 R - 3 scrolls of amnesia
 V - a scroll of summoning
 Y - 4 scrolls of vulnerability
Potions
 b - 2 potions of brilliance
 n - a potion of haste
 p - 3 potions of attraction
 t - 11 potions of curing
 u - 2 potions of lignification
 v - 6 potions of magic
 C - 4 potions of might
 M - 2 potions of resistance
 O - a potion of mutation
 T - 2 potions of invisibility
 U - a potion of ambrosia
Miscellaneous
 D - a lightning rod (2/4)
 I - a phantom mirror
 X - a tin of tremorstones (2/2)


   Skills:
 - Level 10.0 Fighting
 - Level 5.3 Short Blades
 - Level 5.4 Throwing
 - Level 9.5 Dodging
 - Level 10.4 Stealth
 - Level 1.1 Shields
 + Level 9.8 Spellcasting
 - Level 10.0 Conjurations
 - Level 8.0 Summonings
 - Level 5.0 Translocations
 * Level 9.6 Transmutations
 - Level 9.4 Fire Magic
 * Level 7.1 Air Magic


You had 11 spell levels left.
You knew the following spells:

 Your Spells              Type           Power      Damage    Failure   Level
a - Foxfire               Conj/Fire      100%       2x1d9     1%          1
b - Scorch                Fire           100%       2d9       1%          2
c - Blink                 Tloc           82%        N/A       1%          2
d - Inner Flame           Hex/Fire       40%        N/A       4%          3
e - Flame Wave            Conj/Fire      62%        2d14      1%          4
f - Mephitic Cloud        Conj/Pois/Air  62%        N/A       2%          3
g - Summon Lightning Spi  Summ/Air       71%        N/A       4%          4
h - Iskenderun's Mystic   Conj/Tloc      54%        2d12      4%          4

Your spell library contained the following spells:

 Spells                   Type           Power      Damage    Failure   Level
 Magic Dart               Conj           100%       1d8       1%          1
 Call Imp                 Summ           100%       N/A       1%          2
 Lesser Beckoning         Tloc           82%        N/A       1%          2
 Momentum Strike          Conj/Tloc      100%       3d10      1%          2
 Passwall                 Tmut/Erth      33%        N/A       1%          2
 Wereblood                Tmut           61%        N/A       1%          2
 Call Canine Familiar     Summ           56%        N/A       1%          3
 Swiftness                Air            69%        N/A       1%          3
 Volatile Blastmotes      Fire/Tloc      100%       2d18      1%          3
 Vhi's Electric Charge    Tloc/Air       100%       N/A       2%          3
 Iskenderun's Battlesphe  Conj           63%        2d11      4%          5
 Arcjolt                  Conj/Air       37%        1d47      8%          5
 Portal Projectile        Hex/Tloc       54%        N/A       10%         3
 Fulminant Prism          Conj/Hex       20%        3d12      12%         4
 Ensorcelled Hibernation  Hex/Ice        26%        N/A       14%         2
 Sublimation of Blood     Necr           13%        N/A       14%         2
 Ozocubu's Armour         Ice            13%        N/A       28%         3
 Leda's Liquefaction      Hex/Erth       6%         N/A       67%         4
 Iron Shot                Conj/Erth      20%        9d5       88%         6
 Spellforged Servitor     Conj/Summ      29%        N/A       88%         7
 Storm Form               Tmut/Air       37%        N/A       94%         7
 Lee's Rapid Deconstruct  Erth           6%         3d6*      95%         5
 Metabolic Englaciation   Hex/Ice        6%         N/A       95%         5
 Summon Hydra             Summ           28%        N/A       96%         7
 Maxwell's Capacitive Co  Air            34%        ∞         100%        8
 Simulacrum               Ice/Necr       Unusable   N/A       N/A         6

Dungeon Overview and Level Annotations

Branches:
Dungeon (14/15)            Temple (1/1) D:4            Lair (5/5) D:9
 Shoals (0/4) Lair:2       Spider (1/4) Lair:2        Slime (0/5) Lair:4
    Orc (2/2) D:12            Elf (1/3) Orc:2        Vaults (0/5) D:13
  Sewer (visited)         Gauntlet (visited)

Altars:
Ashenzari
Cheibriados
Dithmenos
Fedhas
Gozag
Hepliaklqana
Kikubaaqudgha
Makhleb
Nemelex Xobeh
Okawaru
Qazlal
Ru
Sif Muna
Trog
Uskayaw
Vehumet
Wu Jian
Xom
Yredelemnul
Jiyva

Shops:
D:3 (   D:5 :   D:8 [   Orc:1 =   Orc:2 [(**:

Portals:
Trove: D:10 (give 8 scrolls of fear)

Annotations:
D:12 exclusion: downstairs
Lair:1 exclusion: orange crystal statue
Spider:1 2 transporters, epsilonplus's ghost, journeyman MiHu


Innate Abilities, Weirdness & Mutations

You are mostly covered in yellow scales. (AC +3)
A powerful demonic guardian rushes to your aid.
You sometimes emit foul miasma when damaged in melee.
Your touch may inflict minor irresistible damage on your foes.


Message History

Okay, then. [a] - 270 gold - heal wounds and berserk rage [b] - 312 gold - brilliance and magic [c] - 392 gold - resistance and might Purchase which effect?
You feel much better.
A red film seems to cover your vision as you go berserk!
You feel yourself moving faster!
You feel mighty!
You feel stable enough to blink again.
Flame seeps out of the broodmother.
The wolf spider hits you but does no damage.
The wolf spider barely misses you. x3
The broodmother is engulfed in dark miasma.
The broodmother looks as sick as possible!
Flame seeps out of the broodmother.
The broodmother summons a spider!
The wolf spider hits you but does no damage.
The wolf spider misses you. The wolf spider hits you!!
* * * LOW HITPOINT WARNING * * *
The wolf spider bites you.
* * * LOW HITPOINT WARNING * * *
You emit a cloud of foul miasma!
What are your orders? t - Shout!
Anything else - Cancel.
Okay, then.
Unknown command.
You slash the wolf spider! You burn the wolf spider!
The wolf spider is heavily wounded.
The wolf spider is engulfed in dark miasma.
The wolf spider is poisoned.
The wolf spider seems to slow down.
The wolf spider hits you!
* * * LOW HITPOINT WARNING * * *
The wolf spider bites you.
* * * LOW HITPOINT WARNING * * *
You are lethally poisoned!
The wolf spider poisons you!
You are too berserk!
You barely miss the broodmother.
The broodmother is almost dead.
You die...
Your body crumbles into a pile of gold.

...#..# ##.#..###..
..$...## ###..#....
......# ##.......
#.....## #.....#..
####.$.>..# ##...####
#...2>....#####...# #
#..§....###...#..####
#..sss..#.....######.
###s@s^##.......#.#..
#..####.............
####..##....##....#.^.
#....##.....###.######
#.........^## ###
##........##
##########


You could see a broodmother (inner flame, extremely poisoned, ally target), 3
wolf spiders, a jumping spider (summoned) and a friendly cacodemon (summoned).

Vanquished Creatures
  Kirke (Lair:3)
  An emperor scorpion (Spider:1)
  A ghost moth (Spider:1)
  An orc warlord (Orc:2)
  A minotaur (Gauntlet)
  An ettin (Orc:2)
  Josephine (Lair:3)
  An entropy weaver (Spider:1)
  Erolcha (Orc:1)
  4 hydras
  3 boulder beetles
  A radroach (Spider:1)
  5 two-headed ogres
  A jorogumo (Spider:1)
  6 death yaks
  4 skeletal warriors (D:13)
  Sonja (Lair:3)
  2 pharaoh ants
  3 skysharks
  3 orb spiders (Spider:1)
  Lodul (D:12)
  2 steelbarb worms (Spider:1)
  Pikel (D:6)
  An orc knight (Orc:2)
  A deep elf zephyrmancer (Elf:1)
  5 wolf spiders (Spider:1)
  A deep elf pyromancer (Elf:1)
  5 orc sorcerers
  7 ugly things
  A manticore (D:12)
  2 cyclopes
  18 elephants
  A cane toad (shapeshifter) (D:14)
  3 gargoyles
  A demonic crawler (Spider:1)
  A torpor snail (Lair:5)
  4 black mambas
  12 cane toads
  An unseen horror (D:12)
  2 kobold demonologists (D:12)
  4 rime drakes
  A tengu conjurer (D:14)
  6 komodo dragons
  2 efreet
  3 trolls
  16 polar bears
  A raiju (Lair:5)
  12 blink frogs
  6 tarantellas (Spider:1)
  6 dream sheep
  A blink frog (shapeshifter) (D:14)
  Prince Ribbit (D:8)
  5 jumping spiders (Spider:1)
  5 wraiths
  A slime creature (D:14)
  11 wyverns
  A shadow (D:11)
  5 culicivoras (Spider:1)
  A water elemental (D:12)
  50 yaks
  A vampire (D:14)
  A human (shapeshifter) (D:13)
  7 hogs
  15 redbacks
  3 basilisks
  Grum (D:8)
  5 wargs
  Menkaure (D:6)
  3 acid dragons
  Duvessa (D:6)
  10 water moccasins
  4 hell hounds (Lair:5)
  A sky beast (D:8)
  14 orc warriors
  10 black bears
  3 ice beasts
  11 ogres
  2 centaurs (D:10)
  30 wolves
  2 phantoms
  3 kobold brigands
  9 bullfrogs
  A gnoll sergeant (D:5)
  2 scorpions
  Dowan (D:6)
  4 wights (D:9)
  8 killer bees
  7 howler monkeys
  3 electric eels (D:12)
  2 jellies
  12 orc priests
  4 hounds
  Jessica (D:2)
  11 orc wizards
  A hell rat (Sewer)
  3 gnolls (D:5)
  8 adders
  A white imp (D:6)
  2 ufetubi
  A worm (D:3)
  6 dart slugs
  43 orcs
  7 ball pythons
  9 endoplasms
  5 giant cockroaches
  4 goblins
  4 hobgoblins
  14 kobolds
  8 quokkas
  9 bats
  A frilled lizard (D:2)
  7 rats (Sewer)
576 creatures vanquished.

Vanquished Creatures (collateral kills)
  Nessos (D:14)
  A catoblepas (Lair:3)
  2 centaur warriors (D:14)
  3 boulder beetles
  A radroach (Spider:1)
  4 death yaks
  An orc high priest (Orc:1)
  A skyshark (Lair:5)
  An orb spider (Spider:1)
  3 orc knights
  A harpy (shapeshifter) (D:13)
  An orc sorcerer (Orc:2)
  An ugly thing (D:14)
  2 wolf spiders (Spider:1)
  A deep elf pyromancer (D:13)
  A moth of wrath (Spider:1)
  3 cyclopes
  An elephant (Lair:3)
  A black mamba (Lair:1)
  A demonic crawler (Lair:2)
  A gargoyle (Gauntlet)
  A cane toad (Lair:3)
  A troll (D:13)
  2 polar bears (Lair:5)
  A polar bear (shapeshifter) (D:13)
  3 blink frogs (Lair:4)
  3 culicivoras (Spider:1)
  2 jumping spiders (Spider:1)
  A centaur simulacrum (D:14)
  10 yaks
  A hog (Lair:3)
  2 basilisks
  2 wargs (Lair:5)
  4 redbacks (Spider:1)
  2 water moccasins
  5 black bears (Lair:5)
  10 hell hounds (Lair:5)
  10 orc warriors
  5 wolves
  A centaur (D:10)
  A bullfrog (Lair:3)
  A howler monkey (D:13)
  7 orc priests
  An orc wizard (Orc:2)
  8 orcs
  15 foxfires
131 creatures vanquished.

Vanquished Creatures (others)
  A howler monkey (D:13)
  2 gnolls (D:5)
  1283 foxfires
1286 creatures vanquished.

Grand Total: 1993 creatures vanquished

Notes
Turn   | Place    | Note
-------+----------+-------------------------------------------
     0 | D:1      | croobank the Demonspawn Fire Elementalist began the quest
                  | for the Orb.
     0 | D:1      | Reached XP level 1. HP: 13/13 MP: 3/3
   117 | D:1      | Gained mutation: You are partially covered in yellow
                  | scales. (AC +2) [demonic ancestry]
   117 | D:1      | Reached XP level 2. HP: 19/19 MP: 3/5
   372 | D:1      | Learned a level 2 spell: Scorch
   704 | D:1      | Learned a level 2 spell: Blink
   954 | D:1      | Gained mutation: Your touch may inflict minor irresistible
                  | damage on your foes. [demonic ancestry]
   954 | D:1      | Reached XP level 3. HP: 24/24 MP: 3/6
  1597 | D:2      | Noticed Jessica
  1602 | D:2      | Killed Jessica
  1613 | D:2      | Reached XP level 4. HP: 31/31 MP: 0/7
  2123 | D:3      | Reached skill level 1 in Fighting
  2803 | D:3      | Found Ytyiwk's Weapon Boutique.
  3084 | D:4      | Gained mutation: A weak demonic guardian rushes to your
                  | aid. [demonic ancestry]
  3084 | D:4      | Reached XP level 5. HP: 37/37 MP: 5/8
  3182 | D:5      | Entered Level 5 of the Dungeon
  3190 | D:5      | Noticed a phantom
  3194 | D:5      | Killed a phantom
  3382 | D:5      | Found Cynaw's Self-Improvement Boutique.
  3643 | D:4      | Noticed an ogre
  3659 | D:4      | Gained mutation: You are mostly covered in yellow scales.
                  | (AC +3) [demonic ancestry]
  3659 | D:4      | Reached XP level 6. HP: 27/43 MP: 3/10
  3685 | D:3      | HP: 2/43 [bullfrog (3)]
  4765 | D:4      | Found an ornate altar of the Wu Jian Council.
  4948 | D:4      | Reached XP level 7. HP: 50/50 MP: 4/11
  5076 | D:4      | Found a staircase to the Ecumenical Temple.
  5961 | D:5      | Reached skill level 5 in Stealth
  6113 | D:5      | Noticed a wyvern
  6118 | D:5      | Killed a wyvern
  6119 | D:5      | Reached skill level 1 in Translocations
  6119 | D:5      | Reached XP level 8. HP: 57/57 MP: 4/13
  7036 | D:6      | Noticed Duvessa
  7036 | D:6      | Noticed Dowan
  7042 | D:6      | Killed Dowan
  7046 | D:6      | Killed Duvessa
  7078 | D:6      | Identified the scarf "Eckar" {rC+ rF+, rPois}
  7198 | D:6      | Found a glowing drain.
  7206 | Sewer    | Entered a sewer
  7480 | D:6      | Found a shimmering blue altar of Sif Muna.
  7550 | Temple   | Entered the Ecumenical Temple
  7567 | Temple   | Became a worshipper of Gozag Ym Sagoz the Greedy
  7798 | D:6      | Noticed Menkaure
  7803 | D:6      | Killed Menkaure
  7944 | D:6      | You fall into a shaft and drop 3 floors!
  7951 | D:8      | Noticed Prince Ribbit
  7958 | D:8      | Killed Prince Ribbit
  8048 | D:8      | Gained mutation: A demonic guardian rushes to your aid.
                  | [demonic ancestry]
  8048 | D:8      | Reached XP level 9. HP: 59/65 MP: 12/15
  8147 | D:8      | Identified the ring "Forget-Me-Not" {rElec EV+5 Int+3}
  8250 | D:8      | Found a sacrificial altar of Ru.
  8268 | D:8      | Found Xeigapiss's Antique Armour Shoppe.
  8268 | D:8      | Noticed a troll
  8444 | D:8      | Noticed Grum
  8584 | D:7      | Reached skill level 5 in Fire Magic
  8729 | D:6      | Learned a level 3 spell: Inner Flame
  8921 | D:6      | Noticed Pikel
  8930 | D:6      | Killed Pikel
  9220 | D:6      | Reached skill level 5 in Conjurations
 10373 | D:7      | Reached skill level 5 in Spellcasting
 10958 | D:7      | Found a basalt altar of Yredelemnul.
 11403 | D:8      | Reached XP level 10. HP: 66/73 MP: 5/17
 11409 | D:8      | Killed Grum
 11742 | D:8      | Reached skill level 5 in Dodging
 12114 | D:9      | Identified the ring "Puep" {rC+ rCorr Int+6 Dex+4}
 12353 | D:9      | Reached skill level 5 in Fighting
 13186 | D:9      | Found a staircase to the Lair.
 13546 | D:10     | Entered Level 10 of the Dungeon
 14515 | D:10     | Noticed a two-headed ogre
 14529 | D:10     | Killed a two-headed ogre
 14538 | D:10     | Reached XP level 11. HP: 59/81 MP: 2/19
 14660 | D:10     | Found a portal to a secret trove of treasure.
 15087 | D:10     | Found a blossoming altar of Fedhas.
 15512 | D:11     | Noticed a two-headed ogre
 15553 | D:11     | Killed a two-headed ogre
 15554 | D:11     | Reached skill level 5 in Translocations
 15856 | D:10     | Learned a level 4 spell: Flame Wave
 16251 | D:12     | Found a staircase to the Orcish Mines.
 17106 | D:12     | Noticed Lodul
 17114 | D:12     | Killed Lodul
 17143 | D:12     | Noticed a two-headed ogre
 17258 | D:12     | Killed a two-headed ogre
 17377 | D:12     | Found a huge runed translucent gate.
 17378 | D:12     | Found a huge runed translucent gate.
 17378 | D:12     | Found a huge runed translucent gate.
 17378 | D:12     | Found a huge runed translucent gate.
 17408 | D:12     | Reached skill level 10 in Stealth
 17408 | D:12     | Reached XP level 12. HP: 54/91 MP: 17/22
 18038 | D:12     | Noticed a two-headed ogre
 18042 | D:12     | Killed a two-headed ogre
 18289 | D:13     | Noticed a two-headed ogre
 18296 | D:13     | Killed a two-headed ogre
 18582 | Lair:1   | Entered Level 1 of the Lair of Beasts
 19066 | D:3      | Bought the +1 dagger of Myaxt {antimagic, rF+ Int+4} for
                  | 434 gold pieces
 19119 | D:5      | Bought a manual of Short Blades for 1040 gold pieces
 19119 | D:5      | Bought a manual of Throwing for 1040 gold pieces
 19832 | Lair:1   | Learned a level 3 spell: Mephitic Cloud
 19849 | Lair:1   | Reached skill level 1 in Short Blades
 19849 | Lair:1   | Reached skill level 1 in Throwing
 21360 | Lair:2   | Found a staircase to the Shoals.
 21487 | Lair:2   | Gained mutation: You may rarely emit foul miasma when
                  | damaged in melee. [demonic ancestry]
 21487 | Lair:2   | Reached XP level 13. HP: 97/99 MP: 18/25
 22297 | Lair:2   | Found a hole to the Spider Nest.
 23938 | Lair:3   | Noticed Josephine
 23950 | Lair:3   | Killed Josephine
 24039 | Lair:3   | Noticed Sonja
 24046 | Lair:3   | Killed Sonja
 24598 | Lair:3   | Noticed Kirke
 24621 | Lair:3   | Killed Kirke
 24973 | Lair:3   | Reached skill level 10 in Conjurations
 25395 | Lair:4   | Reached skill level 1 in Summonings
 25405 | Lair:4   | Gained mutation: A powerful demonic guardian rushes to your
                  | aid. [demonic ancestry]
 25405 | Lair:4   | Reached XP level 14. HP: 94/108 MP: 17/27
 25429 | Lair:4   | Found a gate leading to a gauntlet.
 25468 | Gauntlet | Entered a Gauntlet
 25468 | Gauntlet | Found a transporter.
 25475 | Gauntlet | Found a transporter.
 25479 | Gauntlet | Found a transporter.
 25504 | Gauntlet | Found a transporter.
 25513 | Gauntlet | Found a transporter.
 25516 | Gauntlet | Found a transporter.
 25517 | Gauntlet | Found a transporter.
 25526 | Gauntlet | Found a transporter.
 25528 | Gauntlet | Found a transporter.
 25529 | Gauntlet | Found a transporter.
 25537 | Gauntlet | Found a transporter.
 25540 | Gauntlet | Found a transporter.
 25541 | Gauntlet | Found a transporter.
 25557 | Gauntlet | Found a transporter.
 25637 | Gauntlet | Learned a level 4 spell: Summon Lightning Spire
 26226 | Lair:4   | Reached skill level 1 in Air Magic
 26935 | Lair:4   | Found a viscous altar of Jiyva.
 26945 | Lair:4   | Found a staircase to the Slime Pits.
 27652 | Lair:5   | Entered Level 5 of the Lair of Beasts
 28195 | Lair:4   | Reached skill level 5 in Summonings
 29490 | Lair:5   | Reached skill level 5 in Air Magic
 32521 | Orc:1    | Entered Level 1 of the Orcish Mines
 32796 | Orc:2    | Entered Level 2 of the Orcish Mines
 33116 | Orc:2    | Reached skill level 5 in Throwing
 33633 | Orc:1    | Noticed Erolcha
 33643 | Orc:1    | Killed Erolcha
 33644 | Orc:1    | Gained mutation: You sometimes emit foul miasma when
                  | damaged in melee. [demonic ancestry]
 33644 | Orc:1    | Reached XP level 15. HP: 92/115 MP: 2/28
 33646 | Orc:1    | Reached skill level 5 in Short Blades
 34050 | Orc:1    | Found Listruamn's Jewellery Shop.
 34060 | Orc:1    | Bought a ring of protection from fire for 400 gold pieces
 34060 | Orc:1    | Bought a ring of see invisible for 240 gold pieces
 35155 | Orc:2    | Paralysed by an orc sorcerer for 3 turns
 35164 | Orc:2    | Reached skill level 1 in Shields
 35264 | Orc:2    | Reached skill level 10 in Fighting
 35827 | Orc:2    | Found Poax's Antique Weapon Shoppe.
 35837 | Orc:2    | Found Gibbef's Antique Armour Shoppe.
 35879 | Orc:2    | Found Himy's General Store.
 35888 | Orc:2    | Found Qilizaul's Book Shoppe.
 35895 | Orc:2    | Found Eberchalu's Gadget Gallery.
 36011 | Orc:2    | Bought a book of Blasting for 680 gold pieces
 36126 | Orc:2    | Found a staircase to the Elven Halls.
 36379 | Elf:1    | Entered Level 1 of the Elven Halls
 36394 | Elf:1    | Reached skill level 1 in Transmutations
 37064 | D:13     | Found a gate to the Vaults.
 37416 | D:14     | Found an iron altar of Okawaru.
 37714 | D:13     | Reached skill level 5 in Transmutations
 38004 | D:14     | Noticed Nessos
 38008 | D:14     | Killed Nessos
 38795 | D:14     | Found the amulet of the Air {Inacc Air Fly rElec RMsl}
 39121 | D:14     | Learned a level 4 spell: Iskenderun's Mystic Blast
 39287 | Spider:1 | Entered Level 1 of the Spider Nest
 39723 | Lair:2   | HP: 4/115 [demonic crawler (2)]
 40222 | Spider:1 | Noticed an emperor scorpion
 40244 | Spider:1 | Killed an emperor scorpion
 41291 | Spider:1 | Identified a scroll of acquirement
 41694 | Spider:1 | Found a transporter.
 41704 | Spider:1 | Noticed epsilonplus's ghost (journeyman MiHu)
 41730 | Spider:1 | Found a transporter.
 41734 | Spider:1 | Noticed an emperor scorpion
 41738 | Spider:1 | Reached XP level 16. HP: 107/122 MP: 22/29
 42196 | Spider:1 | Identified the +0 quarterstaff of Plog {freeze, *Rage rElec
                  | rC+ Str+4}
 42305 | Spider:1 | HP: 8/183 [wolf spider[a broodmother] (4)]
 42306 | Spider:1 | Succumbed to a wolf spider's poison

Illustrated notes

Levels and vault maps discovered:
D:1:      psy_arrival_terrarium, layout_loops_ring
D:2:      layout_loops_ring, kennysheep_nub, uniq_jessica
D:3:      cheibrodos_helix_gallery, layout_basic, serial_shops, shop
D:4:      layout_rooms, lemuel_doored_altar, minmay_temple_entry_trees,
          kennysheep_generic_room_13
D:5:      layout_gridville, nicolae_shop_self_help
D:6:      layout_loops_corners, nicolae_overflow_crystal_walls,
          portal_sewer_entry_d, uniq_duvessa, uniq_pikel, uniq_menkaure
D:7:      layout_loops_corners, kennysheep_ying_yang, st_stairs_9
D:8:      hellmonk_crumbling_castle, layout_cave_pools, nicolae_ru_awakened_eye,
          serial_column_ruins, column_ruins_square_large, column_ruins_hut,
          column_ruins_open_tiny, column_ruins_open_small_water,
          column_ruins_grid_2, nicolae_take_the_stairs,
          kennysheep_generic_room_14, uniq_grum, uniq_prince_ribbit1
D:9:      layout_basic, david_lair_shrubbed
D:10:     layout_cave_pools, fedhas_altar_4, enter_trove_6,
          nicolae_elevator_lobby_asterisk
D:11:     layout_cave_pools
D:12:     lemuel_bear_cage, layout_basic, uniq_lodul
D:13:     layout_rooms, david_vaults_2
D:14:     layout_basic, okawaru_gym_becter, minmay_joined_circles, uniq_nessos
Temple:   nicolae_temple_elliptical
Lair:1:   layout_cellular_growth, disabler_island, grunt_megastairs_3
Lair:2:   layout_loops_ring, elwin_shoals_entry_rocks, spider_nest_entry_webs,
          fungi_pond_lemuel, minmay_holes
Lair:3:   layout_roguey, grunt_megastairs_2, uniq_sonja, uniq_josephine,
          uniq_kirke
Lair:4:   layout_regular_city, slime_entry_1, gauntlet_entry_generic,
          lemuel_fruit_tree
Lair:5:   hangedman_lair_caniforms_friends, layout_long_grid, grunt_megastairs_1
Spider:1: layout_spider_delve, nzn_ghost_randoct
Orc:1:    layout_diamond_mine, serial_shops, shop, abandoned_shop, uniq_erolcha
Orc:2:    grunt_orc_cross, layout_caves, nicolae_orc_stony_grotto,
          nicolae_shop_gadgets
Elf:1:    layout_geoelf_diagonals, minivault_28

Skill      XL: |  1  2  3  4  5  6  7  8  9 10 11 12 13 14 15 16 |
---------------+-------------------------------------------------+-----
Stealth        | 2 3 4 5 6 7 9 10 | 10.4
Dodging        | 2 3 4 5 7 8 9 |  9.5
Fire Magic     | 3 4 5 6 7 8 9 |  9.4
Conjurations   | 2 3 4 5 6 7 8 10 | 10.0
Fighting       | 1 2 3 4 5 7 8 9 10 | 10.0
Spellcasting   | 3 4 5 7 8 9 |  9.8
Translocations | 1 2 3 4 5 |  5.0
Short Blades   | 2 4 5 |  5.3
Throwing       | 2 4 5 |  5.4
Summonings     | 1 7 8 |  8.0
Air Magic      | 6 7 |  7.1
Shields        | 1 |  1.1
Transmutations | 9 |  9.6

Action                     |  1- 3 |  4- 6 |  7- 9 | 10-12 | 13-15 | 16-18 || total
---------------------------+-------+-------+-------+-------+-------+-------++-------
  Melee: Whip              |     5 |       |       |       |       |       ||     5
         Short sword       |    29 |    31 |    21 |    81 |    14 |       ||   176
         Touch             |     2 |     4 |     4 |    19 |    67 |       ||    96
         Punch             |       |     1 |       |     1 |    10 |       ||    12
         Scimitar          |       |       |       |       |   347 |    10 ||   357
         Dagger            |       |       |       |       |    34 |       ||    34
   Fire: Sling             |       |    35 |       |       |       |       ||    35
         Arbalest          |       |       |    11 |     3 |       |       ||    14
  Throw: Throwing net      |       |       |       |     2 |     5 |       ||     7
         Javelin           |       |       |       |       |    14 |     1 ||    15
   Cast: Foxfire           |    32 |    38 |    98 |   204 |   365 |    26 ||   763
         Scorch            |    10 |    44 |   100 |   240 |   370 |    23 ||   787
         Blink             |       |       |       |     2 |     9 |     1 ||    12
         Flame Wave        |       |       |       |     9 |     2 |       ||    11
         Inner Flame       |       |       |       |     1 |    68 |     5 ||    74
         Mephitic Cloud    |       |       |       |     2 |     8 |     1 ||    11
         Summon Lightning  |       |       |       |       |   101 |     5 ||   106
         Iskenderun's Myst |       |       |       |       |     7 |     3 ||    10
 Invoke: Potion Petition   |       |       |       |       |     1 |     1 ||     2
  Evoke: Wand              |       |       |     4 |     2 |     3 |     2 ||    11
         Lightning rod     |       |       |       |       |     2 |     1 ||     3
    Use: Scroll            |       |     5 |    19 |     4 |    13 |       ||    41
         Potion            |       |     2 |     1 |     8 |     7 |     1 ||    19
   Stab: Sleeping          |     6 |     2 |     1 |     7 |     4 |       ||    20
         Distracted        |       |       |       |       |    10 |       ||    10
         Confused          |       |       |       |       |     1 |       ||     1
         Invisible         |       |       |       |       |     1 |       ||     1
         Held in net/web   |       |       |       |       |     1 |       ||     1
 Armour: Robe              |    17 |    28 |     8 |    12 |       |       ||    65
         Leather armour    |       |       |       |    29 |   230 |    10 ||   269
         Skin              |       |       |       |       |     1 |       ||     1
  Dodge: Dodged            |    28 |    86 |    61 |   383 |   925 |    31 ||  1514
  Block: Buckler           |       |       |       |       |    32 |     2 ||    34
